cohdb
Replays
Latest Replays
All Replays
Popular Replays
Top Player Replays
Match Explorer
How It Works
Community
CoH3 Stats
Reddit
Sign in to upload your games and track your stats! →
Sign in with Steam
Match 43797743
Unlisted
Match 43797743
Overview
Messages
Build Orders
End
Construct Infanterie Kompanie
Kettenkrad Recon Vehicle
MG 42 Machine Gun Team
MG 42 Machine Gun Team
Grenadier Squad
Construct Panzergrenadier Kompanie
Pak 40 Anti-tank Gun Team
251 Medium Carrier
Panzergrenadier Officer Quarters
Medical Bunker
Panzergrenadier Squad
Support Elements
Nebelwerfer 42 Rocket Launcher Team
Selects Terror Battlegroup
Selects Machine Gun Camouflage
Selects Interrogate
Nebelwerfer 42 Rocket Launcher Team
Selects Propaganda Leaflet Drop
bigcheese
Ket
Germal
Cmdte. Canela
剩者为王
HI
顶风射十米
冲锋大哥
0
0
Comments
sign in to comment!
No comments posted yet!